 Dungeon Crawl Stone Soup version 0.27-a0-1147-gb3d8e82157 (webtiles) character file.

Game seed: 15887753172631432289

44 kae the Skirmisher (level 3, 0/29 HPs)
             Began as a Demonspawn Abyssal Knight on May 11, 2021.
             Was a Follower of Lugonu.
             Slain by an adder (1 damage)
             ... on level 2 of the Dungeon.
             The game lasted 00:01:09 (2333 turns).

kae the Skirmisher (Demonspawn Abyssal Knight)      Turns: 2333, Time: 00:01:10

Health: 0/29       AC:  4    Str: 13    XL:     3   Next: 39%
Magic:  4/4        EV: 11    Int: 13    God:    Lugonu [*.....]
Gold:   33         SH:  0    Dex: 12    Spells: 2/2 levels left

rFire    . . .     SeeInvis .   a - +1 falchion
rCold    . . .     Faith    .   (no shield)
rNeg     . . .     Spirit   .   b - +1 leather armour
rPois    .         Reflect  .   (no helmet)
rElec    .         Harm     .   (no cloak)
rCorr    .         Rampage  .   (no gloves)
Will     .....                  (no boots)
Stlth    +.........             (no amulet)
HPRegen  0.09/turn              (no ring)
MPRegen  0.09/turn              (no ring)

@: no status effects
A: claws 1, demonic magic 1
a: Renounce Religion, Depart the Abyss


You were on level 2 of the Dungeon.
You worshipped Lugonu.
Lugonu was aware of your devotion.
You visited 1 branch of the dungeon, and saw 2 of its levels.
You visited the Abyss 1 time.

You collected 103 gold pieces.
You spent 70 gold pieces at shops.

Inventory:

Hand Weapons
 a - a +1 falchion (weapon)
Armour
 b - a +1 leather armour (worn)
Scrolls
 e - 3 scrolls of enchant weapon {unknown}
 f - a scroll of enchant armour
 h - a scroll of identify {unknown}
 i - a scroll of noise {unknown}
Potions
 c - 3 potions of heal wounds
 d - a potion of curing {unknown}
 g - a potion of degeneration {unknown}


   Skills:
 - Level 3.2 Fighting
 - Level 2.3 Long Blades
 - Level 1.7 Armour
 - Level 0.8 Dodging
 + Level 2.1 Unarmed Combat
 - Level 2.4 Invocations


You had 2 spell levels left.
You didn't know any spells.
Your spell library contained the following spells:

 Spells                   Type           Power      Damage    Failure   Level
 Animate Skeleton         Necr           0%         N/A       36%         1
 Pain                     Necr           0%         1d4       36%         1
 Vampiric Draining        Necr           0%         2d6       75%         3
 Animate Dead             Necr           0%         N/A       98%         4
 Agony                    Necr           0%         N/A       100%        5


Dungeon Overview and Level Annotations

Branches:
Dungeon (2/15)

Altars:

Shops:
D:1 !


Innate Abilities, Weirdness & Mutations

You have sharp fingernails.
Spells you cast may paralyse adjacent enemies.


Message History

You are frozen.
A kobold comes into view. It is wielding a +0 short sword.
The adder moves out of view.
There are monsters nearby!
You hit the hobgoblin.
The hobgoblin is almost dead.
The hobgoblin hits you. The endoplasm closely misses you.
You barely miss the hobgoblin.
The hobgoblin is almost dead.
The adder hisses angrily.
Something hits you but does no damage.
The hobgoblin hits you but does no damage.
The endoplasm barely misses you. The goblin hits you but does no damage.
You barely miss the hobgoblin.
The hobgoblin is almost dead.
A sky beast appears from thin air!
Reactivating autopickup.
The sky beast hits you but does no damage.
The hobgoblin closely misses you.
You riposte.
You hit the hobgoblin.
You kill the hobgoblin!
Lugonu accepts your kill.
The endoplasm hits you but does no damage.
The goblin closely misses you. The sky beast hits you.
The sky beast shocks you.
You closely miss the sky beast. The endoplasm freezes you.
You are frozen.
The goblin hits you with a +0 club. The adder barely misses you.
You riposte.
You slash the adder!
The adder is severely wounded.
The sky beast hits you. The sky beast shocks you. The endoplasm freezes you.
You are frozen.
* * * LOW HITPOINT WARNING * * *
The goblin hits you with a +0 club.
* * * LOW HITPOINT WARNING * * *
The adder bites you.
* * * LOW HITPOINT WARNING * * *
The goblin misses you. The adder bites you.
You die...

.......#####..... #............
.##..... .........##............
.##................##...###.>.>..
....................#...###......
.. ....#.................... #.
....?...).......###...... .
.#..............# ##.....
..#.............####.....
#...#...@.........##.....
#...KgS##........##.....
#.#.#.†Y##...............
#.)J##...............
#...##########....... #....
#....... #...# #....... #...#
#....... ....# #.......


You could see a sky beast, an adder, an endoplasm, a goblin and a kobold.

Vanquished Creatures
  An adder (D:2)
  5 endoplasms
  2 giant cockroaches (D:1)
  A goblin (D:2)
  4 hobgoblins (D:2)
  A jackal (D:2)
  6 kobolds (D:1)
  2 quokkas (D:1)
  4 ball pythons
  3 rats
29 creatures vanquished.

Notes
Turn   | Place    | Note
-------+----------+-------------------------------------------
     0 | Abyss:1  | kae the Demonspawn Abyssal Knight began the quest for the
                  | Orb.
     0 | Abyss:1  | Reached XP level 1. HP: 18/18 MP: 2/2
   144 | Abyss:1  | Noticed a small abomination
   170 | Abyss:3  | Noticed a thrashing horror
   171 | Abyss:3  | Noticed a tyrant leech
   171 | Abyss:3  | Noticed a small abomination
   173 | D:1      | Escaped the Abyss
   321 | D:1      | Reached * piety under Lugonu
   738 | D:1      | Gained mutation: You have sharp fingernails. [demonic
                  | ancestry]
   738 | D:1      | Reached XP level 2. HP: 20/24 MP: 3/3
   858 | D:1      | Found a faded altar of an unknown god.
  1112 | D:1      | Found Riext's Distillery.
  1119 | D:1      | Bought a potion of heal wounds for 70 gold pieces
  1242 | D:1      | Reached skill level 1 in Unarmed Combat
  1800 | D:2      | Gained mutation: Spells you cast may paralyse adjacent
                  | enemies. [demonic ancestry]
  1800 | D:2      | Reached XP level 3. HP: 14/29 MP: 4/4
  2325 | D:2      | Noticed a sky beast
  2332 | D:2      | HP: 1/29 [adder (2)]
  2333 | D:2      | Slain by an adder

Illustrated notes

Levels and vault maps discovered:
D:1:      erik_arrival_triangle_small, layout_loops_ring,
          hellmonk_ecumenical_altar_slurped_away, serial_shops,
          nicolae_shop_waterfront
D:2:      minmay_angry_zag, layout_basic, minmay_increasing_density,
          uniq_terence

Skill      XL: |  1  2  3 |
---------------+----------+-----
Long Blades    | 2 |  2.3
Unarmed Combat | 1 2 |  2.1
Fighting       | |  3.2
Armour         | |  1.7
Dodging        | |  0.8
Invocations    | |  2.4

Action                   || total
-------------------------++-------
Melee: Falchion          ||    82
Invok: Depart the Abyss  ||     1
  Use: Scroll            ||     1
 Stab: Sleeping          ||     1
Armor: Leather armour    ||    23
Dodge: Dodged            ||    53
       Rpst.: Falchion   ||    20

Table legend: (Time is in decaauts)
 A = Elapsed time spent in this place.
 B = Non-inter-level travel time spent in this place.
 C = Inter-level travel time spent in this place.
 D = Time resting spent in this place.
 E = Time spent auto-exploring this place.
 F = Levels seen in this place.
 G = Mean time per level.
                   A        B        C        D        E       F      G
               +--------+--------+--------+--------+--------+-----+--------+
         Total |   2350 |   2322 |     28 |      0 |   2105 |   5 |  470.0 |
       Dungeon |   2177 |   2149 |     28 |      0 |   1955 |   2 | 1088.5 |
         Abyss |    172 |    172 |      0 |      0 |    150 |   3 |   57.3 |
               +--------+--------+--------+--------+--------+-----+--------+

Top non-repeatable levels by time:
     D:1: 1482 daAuts
     D:2: 694 daAuts
 Abyss:1: 147 daAuts
 Abyss:2: 22 daAuts
 Abyss:3: 2 daAuts
